 Dungeon Crawl Stone Soup version 0.30-b1-2-g02819fbbbe (webtiles) character file.

Game seed: 8611157281683539270

9 Alarkh the Charlatan (level 2, -6/22 HPs)
             Began as a Demonspawn Artificer on Nov 24, 2023.
             Shot themself with an iceblast (14 damage)
             ... on level 1 of the Dungeon.
             The game lasted 00:00:38 (414 turns).

Alarkh the Charlatan (Demonspawn Artificer)          Turns: 414, Time: 00:00:39

Health: -6/22      AC:  4    Str: 12    XL:     2   Next: 3%
Magic:  2/2        EV: 11    Int: 12    God:
Gold:   44         SH:  0    Dex: 13    Spells: 1/1 levels left

rFire   . . .        a - +0 club
rCold   . . .        (no shield)
rNeg    . . .        b - +0 leather armour
rPois   .            (no helmet)
rElec   .            (no cloak)
rCorr   .            (no gloves)
SInv    .            (no boots)
Will    +....        j - amulet of faith
Stlth   +            i - ring of willpower
HPRegen 0.23/turn    (no ring)
MPRegen 0.08/turn

%: faith
@: no status effects
A: rugged brown scales 1
a: no special abilities


You were on level 1 of the Dungeon.
You visited 1 branch of the dungeon, and saw 1 of its levels.

You collected 44 gold pieces.

Inventory:

Hand Weapons
 a - a +0 club (weapon)
Armour
 b - a +0 leather armour (worn)
Jewellery
 i - a ring of willpower (left hand)
 j - an amulet of faith (around neck)
Wands
 c - a wand of flame (8) (quivered)
 d - a wand of charming (15)
 e - a wand of iceblast (5)
Scrolls
 f - a scroll of identify {unknown}
 g - a scroll of fear {unknown}
Potions
 h - a potion of mutation {unknown}
 k - a potion of degeneration {unknown}
 l - a potion of heal wounds {unknown}


   Skills:
 + Level 2.1 Fighting
 - Level 1.7 Armour
 - Level 0.8 Dodging
 - Level 0.8 Stealth
 - Level 3.0 Evocations


You had one spell level left.
You didn't know any spells.
Your spell library was empty.

Dungeon Overview and Level Annotations

Branches:
Dungeon (1/15)

Altars:


Innate Abilities, Weirdness & Mutations

You are partially covered in rugged brown scales. (AC +1, +3% HP)


Message History

The jackal is severely wounded.
The jackal bites you. The frilled lizard barely misses you.
The jackal bites you but does no damage.
The jackal barely misses you. The jackal closely misses you.
The frilled lizard barely misses you. The jackal closely misses you.
You completely miss the jackal.
The jackal is severely wounded.
The jackal barely misses you. The jackal completely misses you.
The jackal bites you but does no damage.
The jackal bites you. The frilled lizard barely misses you.
You closely miss the jackal.
The jackal is severely wounded.
The jackal barely misses you. The jackal bites you.
The jackal bites you but does no damage.
The jackal barely misses you. The frilled lizard bites you.
The jackal closely misses you. The kobold closely misses you.
The jackal barely misses you.
You hit the jackal but do no damage.
The jackal is heavily wounded.
The jackal bites you but does no damage. x2
The jackal closely misses you.
The frilled lizard bites you but does no damage.
The kobold hits you but does no damage. The jackal closely misses you. x2
The jackal barely misses you. The kobold hits you but does no damage.
The frilled lizard bites you but does no damage.
You hit the jackal but do no damage. Your punch misses the jackal.
The jackal is heavily wounded.
The jackal barely misses you. The jackal bites you.
The jackal bites you but does no damage.
The jackal barely misses you.
The frilled lizard bites you but does no damage.
The jackal bites you but does no damage.
The kobold hits you with a +0 club. The jackal bites you.
Okay, then.
Aiming: Iceblast
Press: ? - help, Shift-Dir - straight line, f - you That beam is likely to hit you.
Continue anyway?
The mass of ice explodes!
The iceblast engulfs you!
Ouch! That really hurt!
You die...

############ .. .#
#..........# ... .#
#..........##+#... .#
#................. .#
#................# .#
##................. .#
#........##Kh....# .###
#....>...##@l....#
...###........##hh....#
.#.#...........+......#
.#.#.###########...♣..♣
.#.#.###### #........
..........# #.#......
.#.......... #.#.8..∩.
.##..####.## ........
.##..# #


You could see 3 jackals, a kobold and a frilled lizard.

Vanquished Creatures
  2 endoplasms (D:1)
  2 hobgoblins (D:1)
  A kobold (D:1)
  A ball python (D:1)
  A frilled lizard (D:1)
  A rat (D:1)
8 creatures vanquished.

Notes
Turn   | Place    | Note
-------+----------+-------------------------------------------
     0 | D:1      | Alarkh the Demonspawn Artificer began the quest for the
                  | Orb.
     0 | D:1      | Reached XP level 1. HP: 15/15 MP: 1/1
   359 | D:1      | Gained mutation: You are partially covered in rugged brown
                  | scales. (AC +1, +3% HP) [demonic ancestry]
   359 | D:1      | Reached XP level 2. HP: 13/22 MP: 2/2
   414 | D:1      | Shot themself with an iceblast

Illustrated notes

Levels and vault maps discovered:
D:1:      mrwooster_arrival_statue_2, layout_basic,
          hellmonk_ecumenical_altar_arch_garden, amethyst_killhole,
          minmay_octomino_c4

Skill      XL: |  1 |
---------------+----+-----
Fighting       | 2 |  2.1
Armour         | |  1.7
Dodging        | |  0.8
Stealth        | |  0.8
Evocations     | |  3.0

Action                     || total
---------------------------++-------
  Melee: Club              ||    26
  Evoke: Wand              ||     7
   Stab: Sleeping          ||     1
 Armour: Leather armour    ||    25
  Dodge: Dodged            ||    40
